 Dungeon Crawl Stone Soup version 0.20-a0-1015-g2ec8a95 (console) character file.

164043 vuev the Executioner (level 17, 0/159 HPs)
             Began as a Minotaur Berserker on Apr 15, 2017.
             Was the Champion of Trog.
             Slain by a wolf spider (5 damage)
             ... on level 4 of the Spider Nest.
             The game lasted 00:55:21 (22938 turns).

vuev the Executioner (Minotaur Berserker)          Turns: 22938, Time: 00:55:22

Health: 0/159      AC: 14    Str: 22    XL:     17   Next: 0%
Magic:  16/16      EV:  4    Int:  9    God:    Trog [******]
Gold:   1628       SH:  0    Dex: 22    Spells: 16/16 levels left

rFire    + . .     SeeInvis .   W - +8 exec axe {freezing cloud, *Noise +Fly rC+}
rCold    + + +     Gourm    .   (shield currently unavailable)
rNeg     . . .     Faith    .   n - +2 crystal plate armour
rPois    +         Spirit   .   I - +2 hat of the Guild-Master {Int+2 Dex+2}
rElec    .         Reflect  .   O - scarf {rC+ rF+}
rCorr    .         Harm     .   Q - +1 pair of gloves {Dex+3}
MR       +....                  (no boots)
Stlth    ..........             E - amulet of regeneration
Regen    0.8/turn               u - +5 ring of slaying
MPRegen  0.2/turn               D - ring "Tamienk" {rPois rC++ Int+3}

@: exhausted, corroded, very slightly contaminated, held, hasted and slowed
A: retaliatory headbutt, horns 2
}: 1/15 runes: decaying
a: Berserk, Trog's Hand, Brothers in Arms, Burn Spellbooks, Renounce Religion,
Evoke Flight


You were on level 4 of the Spider Nest.
You worshipped Trog.
Trog was exalted by your worship.
You were not hungry.

You visited 4 branches of the dungeon, and saw 24 of its levels.
You also visited: Sewer.

You collected 1628 gold pieces.

Inventory:

Hand Weapons
 K - a +4 battleaxe of protection
 W - the +8 frozen axe "Frostbite" (weapon) {freezing cloud, *Noise +Fly rC+}
   (Trog gifted it to you on level 6 of the Lair of Beasts)

   It has been specially enchanted to freeze those struck by it, causing extra
   injury to most foes and up to half again as much damage against particularly
   susceptible opponents.
   It can also slow down cold-blooded creatures.
   It protects you from cold.
   It lets you fly.
   It may make noises in combat.
Missiles
 o - 617 stones (quivered)
Armour
 n - a +2 crystal plate armour (worn)
 I - the +2 hat of the Guild-Master (worn) {Int+2 Dex+2}
   (You acquired it on level 2 of the Lair of Beasts)

   It affects your intelligence (+2).
   It affects your dexterity (+2).
 O - a scarf of resistance (worn)
 Q - a +1 pair of gloves of dexterity (worn)
Jewellery
 k - an uncursed ring of protection from fire
 u - a +5 ring of slaying (left hand)
 x - a +5 ring of evasion
 D - the ring "Tamienk" (right hand) {rPois rC++ Int+3}
   (You found it on level 4 of the Dungeon)

   [ring of intelligence]

   It affects your intelligence (+3).
   It greatly protects you from cold.
   It protects you from poison.
 E - an amulet of regeneration (around neck)
 P - the ring of Zauwot {rF+ MR+ Str+5 Slay+3 Stlth+}
   (You found it on level 7 of the Dungeon)

   [ring of strength]

   It affects your strength (+5).
   It affects your accuracy and damage with ranged weapons and melee attacks
   (+3).
   It protects you from fire.
   It affects your resistance to hostile enchantments.
   It makes you more stealthy.
Wands
 p - a wand of iceblast (7/15)
 q - a wand of polymorph (6/24)
 w - a wand of confusion (0/48)
 A - a wand of digging (10/24)
 C - a wand of iceblast (15/15)
 G - a wand of acid (11/15)
 R - a wand of digging (13/24)
 V - a wand of scattershot (1/9)
 Y - a wand of polymorph (12/24)
 Z - a wand of paralysis (2/24)
Scrolls
 e - 14 scrolls of remove curse
 g - 5 scrolls of magic mapping
 j - 2 scrolls of enchant armour
 l - a scroll of fear
 m - 10 scrolls of enchant weapon
 r - 4 scrolls of identify
 t - 2 scrolls of fog
 y - 10 scrolls of teleportation
 M - 3 scrolls of recharging
 N - a scroll of holy word
 S - a scroll of blinking
 T - a scroll of noise {unknown}
 U - 2 scrolls of brand weapon
Potions
 a - 5 potions of curing
 d - a potion of cancellation
 f - a potion of resistance
 i - 2 potions of heal wounds
 v - 5 potions of berserk rage
 z - 3 potions of might
 B - 7 potions of flight
 F - 2 potions of magic {unknown}
 J - 5 potions of agility
 L - 2 potions of invisibility
 X - 3 potions of mutation
Comestibles
 b - 10 royal jellies
 c - 11 bread rations
 h - 2 meat rations
 H - 2 chunks of flesh


   Skills:
 + Level 16.5 Fighting
 * Level 25.6 Axes
 + Level 15.2 Armour
 + Level 3.2 Dodging


You had 16 spell levels left.
You didn't know any spells.

Dungeon Overview and Level Annotations

Branches:
Dungeon (10/15)            Temple (0/1) D:5            Lair (6/6) D:10
  Swamp (4/4) Lair:3       Spider (4/4) Lair:2        Slime (0/5) Lair:5
    Orc: D:9-12

Altars:
Ashenzari
Cheibriados
Dithmenos
Elyvilon
Fedhas
Gozag
Makhleb
Okawaru
Qazlal
Ru
Uskayaw
Vehumet
Xom
Jiyva

Shops:
D:5 (

Annotations:
Spider:4 Arachne


Innate Abilities, Weirdness & Mutations

You reflexively headbutt those who attack you in melee.
You have a pair of horns on your head.


Message History

The tarantella bites you.
* * * LOW HITPOINT WARNING * * *
The spark wasp evades a web.
A wolf spider, a jumping spider, 2 redbacks and a spark wasp come into view.
Unknown command.
You're too confused!
Okay, then.
Unknown command.
You feel better.
You found a web!
The spark wasp buzzes angrily.
The jumping spider hisses angrily.
The tarantella barely misses you. The tarantella bites you!
* * * LOW HITPOINT WARNING * * *
The spark wasp moves out of view.
The redback bites you but does no damage.
The jumping spider pounces on you.
* * * LOW HITPOINT WARNING * * *
You are caught in a web!
The jumping spider barely misses you.
The wolf spider hits you but does no damage.
The wolf spider bites you.
You die...

.# .#.#... . .
....#.. ^.
.#..#...# #..
....... #..
#......# #^.
#...#.#..
..##..#.s......
.....as@s#
.#....ss#..s^..
##...##. .####
#.s. .# # ....
.# ..^#. ##
#.#. s..#


You could see an entropy weaver, a demonic crawler, a wolf spider, an orb spider
(wandering), a jumping spider, 2 tarantellas and 2 redbacks.

Vanquished Creatures
  Asterion (Spider:2)
  Kirke (Swamp:2)
  4 thorn hunters
  A ghost moth (Spider:2)
  6 entropy weavers
  The ghost of vuev the Severer, a journeyman MiBe of Trog (Lair:4)
  Snorg (D:10)
  Erolcha (D:10)
  Fannar (Lair:3)
  22 hydras
  3 catoblepae (Lair:6)
  A ghost crab (Swamp:4)
  6 alligators
  22 death yaks
  Sonja (Lair:3)
  An unseen horror (D:10)
  5 shambling mangroves
  12 swamp dragons
  11 orb spiders
  2 manticores (Lair:6)
  2 moths of wrath
  20 wolf spiders
  3 black mambas
  8 elephants
  19 spiny frogs
  6 torpor snails
  A rime drake (Lair:6)
  6 demonic crawlers
  12 komodo dragons
  A troll (D:9)
  6 tyrant leeches
  18 hornets
  21 jumping spiders
  A polar bear (Lair:5)
  9 slime creatures
  6 hippogriffs
  10 bog bodies
  16 blink frogs
  41 redbacks
  14 tarantellas
  2 shadows (Swamp:1)
  61 yaks
  5 spriggans
  A wyvern (D:8)
  6 hogs (Swamp:2)
  3 basilisks
  A steam dragon (D:9)
  9 vampire mosquitoes
  2 hungry ghosts
  26 swamp worms
  41 insubstantial wisps
  9 water moccasins
  9 porcupines
  8 swamp drakes
  A black bear (Lair:1)
  2 orc warriors
  2 sky beasts
  2 phantoms
  A hornet zombie (D:10)
  8 necrophages
  7 ogres
  6 centaurs
  30 wolves
  The ghost of bworf the Slinger, an amateur HaHu (D:3)
  8 crocodiles
  A big kobold (D:10)
  10 bullfrogs
  A scorpion (D:7)
  19 killer bees
  5 wights
  4 electric eels
  2 howler monkeys
  A crimson imp (D:10)
  4 centaur zombies
  A quasit (D:7)
  6 hounds
  A gnoll shaman (D:10)
  2 jellies
  2 orc priests (D:7)
  A centaur skeleton (D:10)
  6 orc wizards
  2 iguanas
  5 worker ants
  A hound skeleton (D:4)
  A worker ant zombie (D:6)
  8 gnolls
  12 adders
  3 river rats (Sewer)
  3 shadow imps
  An adder skeleton (D:5)
  2 adder zombies
  A worm (D:3)
  3 dart slugs (D:2)
  4 leopard geckos
  29 orcs
  4 bats
  4 giant cockroaches
  7 goblins
  9 hobgoblins
  6 jackals
  9 kobolds
  8 quokkas
  3 ball pythons
  9 frilled lizards
  2 jackal skeletons
  A leopard gecko skeleton (D:8)
  A quokka skeleton (D:5)
  19 rats
  11 briar patches
  6 fungi
  4 plants
818 creatures vanquished.

Vanquished Creatures (collateral kills)
  A tarantella (Spider:4)
1 creature vanquished.

Vanquished Creatures (others)
  A jumping spider (Spider:3)
  A wight (D:6)
  A briar patch (Swamp:3)
  2 fungi (Lair:5)
  11 plants
16 creatures vanquished.

Grand Total: 835 creatures vanquished

Notes
Turn   | Place    | Note
-------+----------+-------------------------------------------
     0 | D:1      | vuev the Minotaur Berserker began the quest for the Orb.
     0 | D:1      | Reached XP level 1. HP: 19/19 MP: 0/0
   250 | D:1      | Reached skill level 4 in Axes
   339 | D:1      | Found a snail-covered altar of Cheibriados.
   349 | D:1      | Reached XP level 2. HP: 26/27 MP: 1/1
   731 | D:2      | Found a hide-covered altar of Uskayaw.
   731 | D:2      | Noticed a dagger
   731 | D:2      | Noticed a hand axe
   952 | D:2      | Reached XP level 3. HP: 33/33 MP: 2/2
  1164 | D:2      | Reached ** piety under Trog
  1363 | D:3      | Reached skill level 5 in Axes
  1455 | D:3      | Found an opulent altar of Gozag.
  1574 | D:3      | Reached XP level 4. HP: 40/40 MP: 3/3
  1606 | D:3      | Noticed bworf's ghost (amateur HaHu)
  1621 | D:3      | Killed bworf's ghost
  1621 | D:3      | Reached skill level 6 in Axes
  1621 | D:3      | Reached XP level 5. HP: 47/47 MP: 4/4
  2271 | D:4      | Noticed a phantom
  2293 | D:4      | Killed a phantom
  2293 | D:4      | Reached skill level 7 in Axes
  2293 | D:4      | Reached XP level 6. HP: 53/53 MP: 5/5
  2342 | D:4      | Found a shattered altar of Ashenzari.
  2420 | D:4      | Got a heavily runed jade ring
  2841 | D:5      | Entered Level 5 of the Dungeon
  2876 | D:5      | Reached *** piety under Trog
  2904 | D:5      | Reached skill level 8 in Axes
  2952 | D:5      | Found a staircase to the Ecumenical Temple.
  2961 | D:5      | Reached XP level 7. HP: 51/60 MP: 6/6
  3051 | D:5      | Found Muopsu Muwu's Weapon Shop.
  3065 | D:5      | Found a glowing drain.
  3079 | Sewer    | Entered a sewer
  3473 | D:5      | Reached skill level 9 in Axes
  3516 | D:5      | Reached skill level 5 in Fighting
  3739 | D:5      | Reached **** piety under Trog
  3739 | D:5      | Reached skill level 5 in Armour
  3944 | D:5      | Reached XP level 8. HP: 68/68 MP: 7/7
  4077 | D:5      | Reached skill level 10 in Axes
  4086 | D:5      | Identified the ring "Tamienk" {rPois rC++ Int+3} (You found it on level 4 of the Dungeon)
  4213 | D:6      | Found a shadowy altar of Dithmenos.
  4264 | D:6      | Found a faded altar of an unknown god.
  4264 | D:6      | Found a burning altar of Makhleb.
  4269 | D:6      | Found a sacrificial altar of Ru.
  4299 | D:6      | Found a white marble altar of Elyvilon.
  4301 | D:6      | Found a faded altar of an unknown god.
  4519 | D:6      | Found a snail-covered altar of Cheibriados.
  4680 | D:6      | You fall through a shaft!
  4719 | D:7      | Reached skill level 11 in Axes
  5068 | D:7      | Got a crude pewter ring
  5069 | D:7      | Identified the ring of Zauwot {rF+ MR+ Str+5 Slay+3 Stlth+} (You found it on level 7 of the Dungeon)
  5103 | D:7      | Found a shimmering altar of Xom.
  5255 | D:7      | Found a blossoming altar of Fedhas.
  5271 | D:7      | Reached XP level 9. HP: 69/75 MP: 8/8
  5333 | D:7      | Reached skill level 12 in Axes
  5428 | D:7      | Reached ***** piety under Trog
  5476 | D:7      | Found a stormy altar of Qazlal.
  6026 | D:8      | Received a gift from Trog
  6151 | D:8      | Reached skill level 13 in Axes
  6160 | D:8      | Identified a scroll of acquirement
  6234 | D:9      | Noticed a troll
  6239 | D:9      | Killed a troll
  6757 | D:9      | Reached XP level 10. HP: 67/86 MP: 3/9
  7143 | D:9      | Found a radiant altar of Vehumet.
  7215 | D:9      | Reached skill level 14 in Axes
  7310 | D:10     | Entered Level 10 of the Dungeon
  7310 | D:10     | Noticed Erolcha
  7322 | D:10     | Killed Erolcha
  7324 | D:10     | Reached skill level 15 in Axes
  7395 | D:10     | Noticed Snorg
  7403 | D:10     | Killed Snorg
  7600 | D:10     | Reached XP level 11. HP: 95/95 MP: 3/10
  7732 | D:10     | Killed an unseen horror
  7732 | D:10     | Reached skill level 16 in Axes
  7750 | D:10     | Found a staircase to the Lair.
  8733 | Lair:1   | Entered Level 1 of the Lair of Beasts
  8733 | Lair:1   | Noticed a seven-headed hydra
  8737 | Lair:1   | Killed a ten-headed hydra
  8751 | Lair:1   | Received a gift from Trog
  8761 | Lair:1   | Reached skill level 17 in Axes
  9141 | Lair:1   | Reached skill level 10 in Fighting
  9316 | Lair:1   | Reached XP level 12. HP: 101/106 MP: 11/11
  9344 | Lair:1   | Reached skill level 18 in Axes
  9461 | Lair:1   | Found a snail-covered altar of Cheibriados.
  9886 | Lair:1   | Reached skill level 10 in Armour
  9923 | Lair:2   | Found a hole to the Spider Nest.
 10057 | Lair:2   | Reached skill level 19 in Axes
 10214 | Lair:2   | Noticed a six-headed hydra
 10232 | Lair:2   | Killed a nine-headed hydra
 10302 | Lair:2   | Got a scorched dire flail
 10736 | Lair:2   | Got a distressingly furry hat
 10742 | Lair:2   | Identified the +2 hat of the Guild-Master {Int+2 Dex+2} (You acquired it on level 2 of the Lair of Beasts)
 10822 | Lair:3   | Noticed Sonja
 10831 | Lair:3   | Killed Sonja
 10959 | Lair:3   | Reached skill level 20 in Axes
 10965 | Lair:3   | Reached XP level 13. HP: 103/116 MP: 12/12
 11101 | Lair:3   | Found a staircase to the Swamp.
 11217 | Lair:3   | Noticed Fannar
 11229 | Lair:3   | Killed Fannar
 11727 | Lair:4   | Noticed vuev's ghost (journeyman MiBe)
 11742 | Lair:4   | Killed vuev's ghost
 11974 | Lair:4   | Received a gift from Trog
 12783 | Lair:5   | Found a viscous altar of Jiyva.
 12784 | Lair:5   | Found a staircase to the Slime Pits.
 12880 | Lair:5   | Reached skill level 21 in Axes
 13391 | Lair:6   | Entered Level 6 of the Lair of Beasts
 13796 | Lair:6   | Reached XP level 14. HP: 127/127 MP: 13/13
 14101 | Lair:6   | Reached ****** piety under Trog
 14204 | Lair:6   | Received a gift from Trog
 14206 | Lair:6   | Reached skill level 22 in Axes
 14864 | Swamp:1  | Entered Level 1 of the Swamp
 15410 | Swamp:1  | Found an iron altar of Okawaru.
 15709 | Swamp:1  | You fall through a shaft!
 15709 | Swamp:2  | Noticed Kirke
 15735 | Swamp:2  | Killed Kirke
 17082 | Swamp:3  | Reached XP level 15. HP: 139/139 MP: 14/14
 17273 | Swamp:3  | Received a gift from Trog
 17825 | Swamp:3  | Reached skill level 23 in Axes
 17845 | Swamp:3  | Noticed a thorn hunter
 17862 | Swamp:3  | Killed a thorn hunter
 18432 | Swamp:4  | Entered Level 4 of the Swamp
 18567 | Swamp:4  | Noticed a thorn hunter
 18579 | Swamp:4  | Killed a thorn hunter
 18581 | Swamp:4  | Reached skill level 15 in Fighting
 19452 | Swamp:4  | Received a gift from Trog
 19498 | Swamp:4  | Reached skill level 24 in Axes
 19528 | Swamp:4  | Got a decaying rune of Zot
 19628 | Swamp:4  | Noticed a thorn hunter
 19635 | Swamp:4  | Killed a thorn hunter
 19675 | Swamp:4  | Reached XP level 16. HP: 132/150 MP: 15/15
 19991 | Swamp:4  | Noticed a thorn hunter
 20001 | Swamp:4  | Killed a thorn hunter
 20304 | Spider:1 | Entered Level 1 of the Spider Nest
 21094 | Spider:2 | Noticed Asterion
 21113 | Spider:2 | Killed Asterion
 21218 | Spider:2 | Received a gift from Trog
 21548 | Spider:2 | Reached skill level 25 in Axes
 22260 | Spider:3 | Reached skill level 15 in Armour
 22479 | Spider:3 | Received a gift from Trog
 22914 | Spider:4 | Entered Level 4 of the Spider Nest
 22929 | Spider:4 | Noticed Arachne
 22930 | Spider:4 | Reached XP level 17. HP: 82/159 MP: 16/16
 22937 | Spider:4 | HP: 6/159 [tarantella (6)]
 22938 | Spider:4 | Slain by a wolf spider

Vault maps used:
D:1:      dpeg_arrival_yet_another_circle, cheibriados_altar_1
D:2:      dancing_weapons_uskayaw
D:3:      marbit_many_paths, first_bread
D:4:      kennysheep_mini_moat
D:5:      minmay_temple_entry_enclosed_plants, serial_shops, kennysheep_mini,
          portal_sewer_entry_a
D:6:      chequers_temple_overflow_minitemple, hangedman_feature_mirror,
          lemuel_old_faithful
D:7:      fedhas_altar_3, nicolae_overflow_hidden_temple, basic_altar
D:9:      lemuel_ogre_cave, lemuel_coloured_pillars_altar
D:10:     david_lair_shrubbed, uniq_erolcha, uniq_snorg
Lair:1:   beast_lair_carwin_large_3, kennysheep_snail_temple,
          infiniplex_staircase_pool
Lair:2:   spider_nest_entry_web_field, roderic_carrion_pond
Lair:3:   minmay_swamp_entry_worms, small_statue_intersection,
          hibernation_bobbens, uniq_sonja, uniq_fannar
Lair:4:   serial_bayou_lagoon_b, grunt_megastairs_3
Lair:5:   slime_altar_1
Lair:6:   evilmike_catoblepas_cave, nicolae_quartered_pool_medium
Swamp:1:  basic_altar
Swamp:2:  serial_swamp_ruin, evilmike_swamp_ruin_house_4,
          hangedman_swamp_ruin_wall, evilmike_swamp_ruin_rubble_2, uniq_kirke
Swamp:3:  evilmike_swamp_ruin_rubble_1, swamp_pool1
Swamp:4:  swamp_basic_johnstein, swamp_pool2, nicolae_swamp_very_dense_foliage
Spider:2: uniq_asterion
Spider:4: grunt_spider_rune_circles, uniq_arachne
Sewer:    sewer_co_cracked_pipes

Skill      XL: |  1  2  3  4  5  6  7  8  9 10 11 12 13 14 15 16 |
---------------+-------------------------------------------------+-----
Axes           | 4 5 6 7 8 9 11 13 15 17 20 21 22 24 25 | 25.6
Fighting       | 4 5 6 7 8 10 11 12 14 15 16 | 16.5
Armour         | 3 4 5 6 7 9 10 11 12 14 15 | 15.2
Dodging        | 3 |  3.2

Action                   |  1- 3 |  4- 6 |  7- 9 | 10-12 | 13-15 | 16-18 || total
-------------------------+-------+-------+-------+-------+-------+-------++-------
Melee: Hand axe          |    92 |    83 |   206 |       |       |       ||   381
       Headbutt          |     8 |    20 |    59 |    92 |   222 |    78 ||   479
       War axe           |       |       |    39 |   148 |       |       ||   187
       Battleaxe         |       |       |       |   189 |   741 |    51 ||   981
       Executioner's axe |       |       |       |       |       |   240 ||   240
Invok: Berserk           |     2 |     2 |     4 |     7 |    16 |     3 ||    34
       Trog's Hand       |       |       |       |     2 |     4 |       ||     6
       Burn Spellbooks   |       |       |       |     1 |     4 |       ||     5
       Brothers in Arms  |       |       |       |       |       |     1 ||     1
Evoke: Wand              |       |       |       |       |     1 |     7 ||     8
  Use: Scroll            |       |     4 |    16 |     2 |    15 |     5 ||    42
       Potion            |       |       |       |       |     3 |     4 ||     7
 Stab: Paralysed         |       |       |       |       |     1 |       ||     1
       Confused          |       |       |       |       |       |     3 ||     3
  Eat: Chunk             |     4 |     5 |    11 |    18 |    24 |     9 ||    71
       Fruit             |       |     1 |     1 |     1 |    13 |     3 ||    19
       Meat ration       |       |       |     1 |     1 |     1 |     1 ||     4
Armor: Animal skin       |     2 |       |       |       |       |       ||     2
       Chain mail        |    36 |    38 |    59 |       |       |       ||   133
       Plate armour      |       |       |    32 |       |       |       ||    32
       Crystal plate arm |       |       |    26 |   220 |   629 |   356 ||  1231
Dodge: Dodged            |    46 |    31 |    90 |    92 |   224 |   123 ||   606
